 Dungeon Crawl Stone Soup version 0.29-a0-717-g6dac4ea423 (webtiles) character file.

Game seed: 13076478515228508255

21257 Patoropollo the Blocker (level 12, -6/115 HPs)
             Began as a Minotaur Fighter on June 26, 2022.
             Was a High Priest of Cheibriados.
             Mangled by a skeletal warrior
             ... wielding a +0 glaive
              (13 damage)
             ... on level 12 of the Dungeon on June 27, 2022.
             The game lasted 00:30:04 (13260 turns).

Patoropollo the Blocker (Minotaur Fighter)         Turns: 13260, Time: 00:30:05

Health: -6/115     AC: 25    Str: 38    XL:     12   Next: 52%
Magic:  20/20      EV:  9    Int: 17    God:    Cheibriados [*****.]
Gold:   653        SH: 13    Dex: 22    Spells: 11/11 levels left

rFire   + + .      SeeInvis .   B - +4 morningstar (venom)
rCold   x . .      Faith    .   c - +0 buckler
rNeg    + . .      Spirit   .   z - +7 chain mail of Infinity {rElec rPois rC- rN+}
rPois   +          Reflect  +   (helmet restricted)
rElec   +          Harm     .   b - +1 cloak
rCorr   .          Rampage  .   F - +2 pair of gloves
Will    .....                   (no boots)
Stlth   ..........              m - amulet of reflection
HPRegen 0.29/turn               E - ring of Maru {rF+ MP+9}
MPRegen 0.17/turn               I - ring of protection from fire

@: very slow
A: horns 2, retaliatory headbutt
a: Renounce Religion, Bend Time, Temporal Distortion, Slouch, Step From Time


You were on level 12 of the Dungeon.
You worshipped Cheibriados.
Cheibriados was extremely pleased with you.
You visited 2 branches of the dungeon, and saw 13 of its levels.

You collected 653 gold pieces.

Inventory:

Hand Weapons
 B - a +4 morningstar of venom (weapon)
Missiles
 u - a throwing net (quivered)
Armour
 b - a +1 cloak (worn)
 c - a +0 buckler (worn)
 z - the +7 chain mail of Infinity (worn) {rElec rPois rC- rN+}
   (You found it on level 4 of the Dungeon)

   rC:        It makes you vulnerable to cold.
   rElec:     It insulates you from electricity.
   rPois:     It protects you from poison.
   rN:        It protects you from negative energy.
 F - a +2 pair of gloves (worn)
Jewellery
 e - a ring of flight
 h - a +6 ring of strength
 m - an amulet of reflection (around neck)
 w - a ring of ice
 A - an amulet of regeneration
 E - the ring of Maru (left hand) {rF+ MP+9}
   (You found it on level 6 of the Dungeon)

   [ring of magical power]

   rF:        It protects you from fire.
   MP:        It affects your magic capacity (+9).
 I - a ring of protection from fire (right hand)
Wands
 o - a wand of polymorph (3)
 q - a wand of iceblast (30)
 t - a wand of flame (18)
 v - a wand of quicksilver (6)
 G - a wand of charming (4)
 K - a wand of digging (5)
Scrolls
 a - 7 scrolls of identify
 k - 2 scrolls of teleportation
 l - a scroll of fear
 r - a scroll of poison
 x - 2 scrolls of fog
 y - 3 scrolls of blinking
 J - a scroll of summoning
 L - a scroll of amnesia
Potions
 d - a potion of might
 f - 3 potions of attraction
 g - 4 potions of lignification
 i - 4 potions of flight
 j - 6 potions of brilliance
 n - 5 potions of curing
 p - 5 potions of heal wounds
 s - 4 potions of berserk rage
 C - 3 potions of resistance
 D - 2 potions of magic
 H - 2 potions of invisibility


   Skills:
 + Level 13.1 Fighting
 + Level 12.9 Maces & Flails
 + Level 13.1 Armour
 + Level 13.1 Shields


You had 11 spell levels left.
You didn't know any spells.
Your spell library contained the following spells:

 Spells                   Type           Power      Damage    Failure   Level
 Foxfire                  Conj/Fire      0%         2x1d4     58%         1
 Slow                     Hex            0%         N/A       58%         1
 Sting                    Tmut/Pois      0%         1d3       58%         1
 Poisonous Vapours        Pois/Air       0%         N/A       75%         2
 Sublimation of Blood     Necr           0%         N/A       75%         2
 Wereblood                Tmut           0%         N/A       75%         2
 Confusing Touch          Hex            0%         N/A       92%         3
 Conjure Flame            Conj/Fire      0%         6-21      92%         3
 Inner Flame              Hex/Fire       0%         N/A       92%         3
 Vampiric Draining        Necr           0%         2d6       92%         3
 Flame Wave               Conj/Fire      0%         2d4       100%        4
 Olgreb's Toxic Radiance  Pois           0%         N/A       100%        4
 Summon Hydra             Summ           0%         N/A       100%        7


Dungeon Overview and Level Annotations

Branches:
Dungeon (12/15)            Temple (1/1) D:7            Lair (0/6) D:8
    Orc (0/2) D:11

Altars:
Ashenzari
Cheibriados
Dithmenos
Elyvilon
Fedhas
Gozag
Hepliaklqana
Kikubaaqudgha
Makhleb
Nemelex Xobeh
Okawaru
Qazlal
Ru
Sif Muna
Trog
Uskayaw
Vehumet
Wu Jian
Xom
Yredelemnul
Zin
The Shining One

Shops:
D:4 (   D:6 [

Portals:
Trove: D:11 (give 4 scrolls of fear)


Innate Abilities, Weirdness & Mutations

You have a pair of horns on your head.
You reflexively headbutt those who attack you in melee.


Message History

The skeletal warrior hits you but does no damage.
The skeletal warrior hits you with a +0 short sword!
You barely miss the skeletal warrior. You headbutt the skeletal warrior!
The skeletal warrior is severely damaged.
You block the skeletal warrior's attack. x2
You puncture the skeletal warrior!
The skeletal warrior is almost destroyed.
The skeletal warrior hits you but does no damage.
The skeletal warrior hits you with a +0 short sword!
You closely miss the skeletal warrior.
The skeletal warrior is almost destroyed.
You hit the skeletal warrior. You headbutt the skeletal warrior.
The skeletal warrior is almost destroyed.
The skeletal warrior hits you but does no damage.
You block the skeletal warrior's attack.
You bludgeon the skeletal warrior!!
You destroy the skeletal warrior!
Cheibriados thoroughly appreciates the change of pace.
You block the skeletal warrior's attack.
You block the skeletal warrior's attack.
The skeletal warrior hits you with a +0 glaive!
* * * LOW HITPOINT WARNING * * *
You see here a +0 short sword.
You hit the skeletal warrior.
The skeletal warrior is lightly damaged.
The skeletal warrior hits you with a +0 glaive!
* * * LOW HITPOINT WARNING * * *
You hit the skeletal warrior but do no damage.
The skeletal warrior is lightly damaged.
You block the skeletal warrior's attack.
You closely miss the skeletal warrior.
The skeletal warrior is lightly damaged.
The skeletal warrior hits you with a +0 glaive!
* * * LOW HITPOINT WARNING * * *
You thump the skeletal warrior!
The skeletal warrior is lightly damaged.
You hit the skeletal warrior but do no damage.
The skeletal warrior is lightly damaged.
The skeletal warrior hits you with a +0 glaive!
You die...

# .. . ####.
#.#.. #....
... .o.. ...
..# #.#
#.#.# #o#
#z# #@# #.#
#)# #.# #
##.##
#.##...##
#.#.#.#.####
........>..#
..#.#.#.##.#


You could see a skeletal warrior and an orc.

Vanquished Creatures
  2 boulder beetles
  5 two-headed ogres
  8 skeletal warriors
  Pikel (D:4)
  A manticore (D:9)
  A cyclops (D:11)
  2 gargoyles (D:11)
  An unseen horror (D:10)
  Maggie (D:6)
  A komodo dragon (D:11)
  4 trolls
  A hornet (D:9)
  2 shadows
  3 wyverns
  A basilisk (D:11)
  2 wraiths
  Eustachio (D:5)
  20 yaks
  2 vampire mosquitoes (D:12)
  A two-headed ogre zombie (D:11)
  An acid dragon (D:9)
  3 water moccasins (D:8)
  5 orc warriors
  2 black bears
  An ice beast (D:6)
  2 sky beasts
  An ogre (D:5)
  A lemure (D:4)
  4 centaurs
  4 phantoms
  A kobold brigand (D:11)
  A necrophage (D:5)
  5 bullfrogs
  3 scorpions (D:6)
  A troll zombie (D:11)
  5 killer bees (D:9)
  3 howler monkeys
  7 orc priests
  Crazy Yiuf (D:3)
  2 hounds (D:6)
  A jelly (D:6)
  A gnoll shaman (D:5)
  An iron imp (D:5)
  3 iguanas
  Natasha (D:3)
  11 orc wizards
  6 ogre zombies (D:11)
  Robin (D:3)
  18 gnolls
  7 adders
  A shadow imp (D:7)
  2 white imps
  A dart slug (D:3)
  40 orcs
  12 endoplasms
  7 giant cockroaches
  17 goblins
  10 hobgoblins
  7 jackals (D:3)
  10 kobolds
  3 quokkas
  5 ball pythons
  3 bats
  6 frilled lizards
  A goblin skeleton (D:11)
  2 goblin zombies (D:11)
  2 hobgoblin skeletons (D:11)
  4 hobgoblin zombies (D:11)
  4 orc skeletons (D:11)
  12 orc zombies (D:11)
  3 rats
315 creatures vanquished.

Vanquished Creatures (collateral kills)
  The ghost of zhov the Slicer, a novice SpEn of Dithmenos (D:7)
1 creature vanquished.

Vanquished Creatures (others)
  33 fungi (D:8)
  29 plants (D:8)
62 creatures vanquished.

Grand Total: 378 creatures vanquished

Notes
Turn   | Place    | Note
-------+----------+-------------------------------------------
     0 | D:1      | Patoropollo the Minotaur Fighter began the quest for the
                  | Orb.
     0 | D:1      | Reached XP level 1. HP: 19/19 MP: 0/0
   199 | D:1      | Found a faded altar of an unknown god.
   259 | D:1      | Reached XP level 2. HP: 27/27 MP: 1/1
   848 | D:2      | Reached XP level 3. HP: 33/33 MP: 2/2
  1620 | D:3      | Reached XP level 4. HP: 37/41 MP: 3/3
  2064 | D:3      | Reached XP level 5. HP: 42/47 MP: 4/4
  2350 | D:3      | Noticed Robin
  2360 | D:3      | Killed Robin
  2547 | D:3      | Reached skill level 5 in Armour
  2555 | D:3      | Reached skill level 5 in Fighting
  2555 | D:3      | Reached skill level 5 in Shields
  2720 | D:3      | Found a runed translucent door.
  2721 | D:3      | Noticed Crazy Yiuf
  2879 | D:3      | Reached XP level 6. HP: 56/56 MP: 5/5
  3435 | D:3      | Noticed Natasha
  3442 | D:3      | Killed Natasha
  3577 | D:3      | Killed Crazy Yiuf
  3700 | D:4      | Reached skill level 5 in Maces & Flails
  3700 | D:4      | Reached XP level 7. HP: 54/62 MP: 6/6
  3743 | D:4      | Found an iron altar of Okawaru.
  3936 | D:4      | Noticed Pikel
  3962 | D:4      | Killed Pikel
  3963 | D:4      | Reached XP level 8. HP: 58/71 MP: 7/7
  4071 | D:4      | Identified the +1 robe of Grace {Int+3}
  4076 | D:4      | Identified the +7 chain mail of Infinity {rElec rPois rC-
                  | rN+}
  4261 | D:4      | Found a stormy altar of Qazlal.
  4277 | D:4      | Found Fitoof's Antique Weapon Emporium.
  4553 | D:5      | Entered Level 5 of the Dungeon
  4565 | D:5      | Found a radiant altar of Vehumet.
  4933 | D:5      | Noticed Eustachio
  4956 | D:5      | Killed Eustachio
  6083 | D:5      | Found a snail-covered altar of Cheibriados.
  6090 | D:5      | Became a worshipper of Cheibriados the Contemplative
  6197 | D:6      | Reached XP level 9. HP: 75/81 MP: 8/8
  6244 | D:6      | Identified the ring of Maru {rF+ MP+9}
  6561 | D:6      | Found a shimmering blue altar of Sif Muna.
  6765 | D:6      | Noticed Maggie
  6769 | D:6      | Killed Maggie
  6840 | D:6      | Found Dairew's Antique Armour Shoppe.
  7034 | D:7      | Reached * piety under Cheibriados
  7693 | D:7      | Found a staircase to the Ecumenical Temple.
  7929 | D:7      | Found a runed translucent door.
  7969 | D:7      | Found an ornate altar of the Wu Jian Council.
  8013 | D:7      | Noticed zhov's ghost (novice SpEn)
  8065 | Temple   | Entered the Ecumenical Temple
  8131 | D:7      | Killed zhov's ghost
  8426 | D:8      | Found a shadowy altar of Dithmenos.
  8578 | D:8      | Reached XP level 10. HP: 91/91 MP: 9/9
  8861 | D:8      | Reached ** piety under Cheibriados
  8923 | D:8      | Found a staircase to the Lair.
  9729 | D:9      | Reached skill level 10 in Shields
 10012 | D:9      | Reached skill level 10 in Fighting
 10012 | D:9      | Reached skill level 10 in Armour
 10014 | D:9      | Reached *** piety under Cheibriados
 10022 | D:9      | Noticed a boulder beetle
 10030 | D:9      | Killed a boulder beetle
 10067 | D:9      | Reached skill level 10 in Maces & Flails
 10133 | D:9      | Noticed a two-headed ogre
 10137 | D:9      | Killed a two-headed ogre
 10241 | D:9      | Noticed a manticore
 10246 | D:9      | Killed a manticore
 10429 | D:9      | Reached XP level 11. HP: 90/101 MP: 10/10
 10551 | D:9      | Noticed a two-headed ogre
 10555 | D:9      | Killed a two-headed ogre
 10670 | D:10     | Entered Level 10 of the Dungeon
 10796 | D:10     | Found a shimmering altar of Xom.
 10829 | D:10     | Reached **** piety under Cheibriados
 11094 | D:10     | Noticed a two-headed ogre
 11101 | D:10     | Killed a two-headed ogre
 11292 | D:10     | Found a sparkling altar of Nemelex Xobeh.
 11292 | D:10     | Found an opulent altar of Gozag.
 11320 | D:10     | Noticed a two-headed ogre
 11325 | D:10     | Killed a two-headed ogre
 11494 | D:11     | Found a portal to a secret trove of treasure.
 11552 | D:11     | Found a staircase to the Orcish Mines.
 11552 | D:11     | Noticed a two-headed ogre
 11564 | D:11     | Killed a two-headed ogre
 11634 | D:11     | Reached ***** piety under Cheibriados
 11827 | D:11     | Noticed a skeletal warrior
 11829 | D:11     | Noticed a skeletal warrior
 11829 | D:11     | Noticed a skeletal warrior
 11843 | D:11     | Killed a skeletal warrior
 11844 | D:11     | Reached XP level 12. HP: 66/112 MP: 11/11
 12670 | D:11     | Noticed a boulder beetle
 12677 | D:11     | Killed a boulder beetle
 13260 | D:12     | Mangled by a skeletal warrior

Illustrated notes

Levels and vault maps discovered:
D:1:      lightli_arrival_chessboard, layout_basic, basic_ecumenical_altar,
          minmay_crystal_room
D:2:      wander_river, layout_loops_corners, grunt_ministairs_15,
          dreamdust_wishing_well
D:3:      layout_basic, uniq_natasha, uniq_crazy_yiuf_cottage, uniq_robin
D:4:      layout_basic, lemuel_tele_altar, nicolae_qazlal_scattered_showers,
          serial_shops, nicolae_square_shop, grunt_decor_junction, uniq_pikel
D:5:      layout_layer_cave, nicolae_vehumet_altar_sigil, chei_slow_surprise,
          uniq_eustachio
D:6:      layout_loops_cross, nicolae_sif_muna_little_library, serial_shops,
          nicolae_lakefront_shop, hangedman_abyss_or_decor_passed,
          minmay_between, uniq_maggie
D:7:      layout_basic, nicolae_wu_jian_glorious_leap, temple_green,
          ebering_ghost_reflecting_pool
D:8:      layout_gridville, nicolae_dithmenos_shadow_blocks,
          due_lair_maze_entry_diamond
D:9:      minmay_distorted_concentric_squares, layout_basic,
          chequers_decorated_corner
D:10:     layout_long_grid, grunt_temple_overflow_opulence,
          mainiacjoe_overflow_paths
D:11:     minmay_general_purpose_star, layout_basic, zombieorc2_lemuel,
          nicolae_trove_entry_crystal
D:12:     layout_loops_ring, gauntlet_entry_generic, uniq_jorgrun
Temple:   nicolae_temple_no_exploring_needed

Skill      XL: |  1  2  3  4  5  6  7  8  9 10 11 12 |
---------------+-------------------------------------+-----
Shields        | 4 5 6 7 9 10 12 13 | 13.1
Armour         | 4 5 6 7 9 10 12 13 | 13.1
Fighting       | 4 5 6 7 9 10 12 13 | 13.1
Maces & Flails | 3 4 5 6 7 9 10 12 | 12.9

Action                   |  1- 3 |  4- 6 |  7- 9 | 10-12 || total
-------------------------+-------+-------+-------+-------++-------
Melee: Flail             |   105 |   152 |   127 |       ||   384
       Headbutt          |    13 |    24 |    34 |   108 ||   179
       Morningstar       |       |       |   140 |   417 ||   557
  Use: Scroll            |       |       |    17 |    11 ||    28
Armor: Scale mail        |    44 |    20 |       |       ||    64
       Plate armour      |       |    32 |    31 |       ||    63
       Chain mail        |       |       |   156 |   174 ||   330
Dodge: Dodged            |    38 |    43 |    88 |    93 ||   262
Block: Buckler           |    34 |    71 |   137 |   232 ||   474
       Reflection        |       |     3 |     5 |     2 ||    10

Table legend: (Time is in decaauts)
 A = Elapsed time spent in this place.
 B = Non-inter-level travel time spent in this place.
 C = Inter-level travel time spent in this place.
 D = Time resting spent in this place.
 E = Time spent auto-exploring this place.
 F = Levels seen in this place.
 G = Mean time per level.
                   A        B        C        D        E       F      G
               +--------+--------+--------+--------+--------+-----+--------+
         Total |  15562 |  14893 |    669 |      0 |  12377 |  13 | 1197.1 |
       Dungeon |  15560 |  14891 |    669 |      0 |  12377 |  12 | 1296.7 |
        Temple |      1 |      1 |      0 |      0 |      0 |   1 |    1.0 |
               +--------+--------+--------+--------+--------+-----+--------+

Top non-repeatable levels by time:
     D:3: 2124 daAuts
    D:11: 1964 daAuts
     D:7: 1811 daAuts
     D:9: 1773 daAuts
     D:5: 1606 daAuts
     D:8: 1155 daAuts
    D:10: 1137 daAuts
     D:6: 1089 daAuts
     D:4: 950 daAuts
     D:2: 864 daAuts
     D:1: 706 daAuts
    D:12: 375 daAuts
  Temple: 1 daAuts
